 Dungeon Crawl Stone Soup version 0.31.0-12-g77e489cdc1 (webtiles) character file.

Game seed: 15447751611339428378

522 Gadfly the Sneak (level 7, 0/35 HPs)
             Began as a Spriggan Enchanter on Feb 19, 2024.
             Splashed by a jelly's acid (2 damage)
             ... on level 5 of the Dungeon.
             The game lasted 00:09:27 (5092 turns).

Gadfly the Sneak (Spriggan Enchanter)               Turns: 5092, Time: 00:09:28

Health: 0/35       AC: -2    Str:  4    XL:     7   Next: 1%
Magic:  10/14      EV: 19    Int: 17    God:
Gold:   302        SH:  0    Dex: 17    Spells: 9/14 levels left

rFire   + . .        a - +1 dagger
rCold   + . .        (no shield)
rNeg    . . .        b - +0 robe
rPois   +            (helmet restricted)
rElec   .            (no cloak)
rCorr   .            (gloves unavailable)
SInv    +            (boots unavailable)
Will    +....        n - amulet of magic regeneration
Stlth   +++          l - ring of poison resistance
HPRegen 0.25/turn    t - ring of protection from fire
MPRegen 0.54/turn

%: clarity
@: corroded, very quick
A: very small, no large weapons, unfitting armour, see invisible, speed 3,
clarity, cold resistance 1, MP-powered wands
a: no special abilities


You were on level 5 of the Dungeon.
You visited 1 branch of the dungeon, and saw 5 of its levels.

You collected 322 gold pieces.
You spent 20 gold pieces at shops.

Inventory:

Hand Weapons
 a - a +1 dagger (weapon)
 i - the +2 falchion of Obiter Dictum {pain, rPois rN+++ rCorr Dex-3}
   (You found it on level 2 of the Dungeon)

   Dex-3:     It affects your dexterity (-3).
   rPois:     It protects you from poison rN+++: It renders you almost immune to
   negative energy.
   rCorr:     It protects you from acid and corrosion.
 r - a +1 short sword of speed
Armour
 b - a +0 robe (worn)
Jewellery
 l - a ring of poison resistance (left hand)
 n - an amulet of magic regeneration (around neck)
 o - a ring of fire
 t - a ring of protection from fire (right hand)
Potions
 c - 2 potions of invisibility
 d - a potion of enlightenment
 e - a potion of haste {unknown}
 f - 3 potions of curing
 g - a potion of attraction
 h - a potion of brilliance {unknown}
 j - a potion of cancellation {unknown}
 k - a potion of heal wounds
 m - a potion of lignification {unknown}
 q - a potion of berserk rage {unknown}


   Skills:
 + Level 2.0 Fighting
 + Level 3.3 Short Blades
 + Level 4.3 Dodging
 + Level 6.1 Stealth
 + Level 4.1 Spellcasting
 + Level 4.9 Hexes
 + Level 3.3 Evocations


You had 9 spell levels left.
You knew the following spells:

 Your Spells              Type           Power      Damage    Failure   Level
a - Ensorcelled Hibernat  Hex/Ice        22%        N/A       9%          2
b - Confusing Touch       Hex            20%        N/A       6%          3

Your spell library contained the following spells:

 Spells                   Type           Power      Damage    Failure   Level
 Tukima's Dance           Hex            20%        N/A       6%          3
 Shock                    Conj/Air       12%        1d3       16%         1
 Dazzling Flash           Conj/Hex       22%        N/A       17%         3
 Static Discharge         Conj/Air       6%         3-4/arc   24%         2
 Swiftness                Air            3%         N/A       43%         3
 Airstrike                Air            1%         2d(1-17)  83%         4
 Summon Lightning Spire   Summ/Air       3%         N/A       83%         4


Dungeon Overview and Level Annotations

Branches:
Dungeon (5/15)
 Temple: D:4-7

Altars:

Shops:
D:1 ?   D:5 :


Innate Abilities, Weirdness & Mutations

You are very small and have problems with some larger weapons.
You are too small for most types of armour.
You have supernaturally acute eyesight. (SInv)
You cover ground extremely quickly. (Speed+++)
You possess an exceptional clarity of mind.
Your flesh is cold resistant. (rC+)
You expend magic power (3 MP) to strengthen your wands.


Message History

You are too injured to fight recklessly!
There is an entrance to Ureatrax's Book Shop here.
You start resting.
An iguana is nearby!
The iguana bites you.
You are too injured to fight recklessly!
Casting: Ensorcelled Hibernation (safe; 9% risk of failure)
Confirm with . or Enter, or press ? or * to list all spells.
Aiming: Ensorcelled Hibernation (safe; 9% risk of failure)
Press: ? - help, Shift-Dir - straight line, f - iguana, p - jelly
Aim: an iguana (chance to affect: 53%)
The iguana looks drowsy...
The helpless iguana fails to defend itself.
You impale the iguana!!
You kill the iguana!
Casting: Ensorcelled Hibernation (safe; 9% risk of failure)
Confirm with . or Enter, or press ? or * to list all spells.
Aiming: Ensorcelled Hibernation (safe; 9% risk of failure)
Press: ? - help, Shift-Dir - straight line, f - adder
Aim: an adder (chance to affect: 53%)
The adder looks drowsy...
The helpless adder fails to defend itself.
You impale the adder!!
You kill the adder!
You have reached level 7!
Casting: Ensorcelled Hibernation (safe; 9% risk of failure)
Confirm with . or Enter, or press ? or * to list all spells.
Aiming: Ensorcelled Hibernation (safe; 9% risk of failure)
Press: ? - help, Shift-Dir - straight line, f - jelly
Aim: a jelly (severely wounded, chance to affect: 53%)
The jelly resists with significant effort.
The jelly barely misses you.
You hit the jelly. The acid corrodes you!
Your hands burn!
The jelly is almost dead.
The jelly hits you.
* * * LOW HITPOINT WARNING * * *
You are splashed with acid!
* * * LOW HITPOINT WARNING * * *
You hit the jelly but do no damage.
Your hands burn!
You die...

#.l# ##.# #.## #..#
##.# #######∩##
##....##..#
###......##J## .."
##.........#@.#
...##...........#.#
................#.#
.........>.........#
.................#.#
#................#.#
#................#..
#...............##.
#...............#


You could see a jelly.

Vanquished Creatures
  Eustachio (D:4)
  A bombardier beetle (D:5)
  A hound (D:3)
  An iguana (D:5)
  4 adders
  11 gnolls (D:4)
  3 dart slugs
  7 orcs
  3 bats (D:2)
  3 endoplasms
  3 giant cockroaches
  29 hobgoblins
  6 ball pythons
  5 frilled lizards
  33 goblins
  12 kobolds
  3 rats (D:2)
126 creatures vanquished.

Vanquished Creatures (others)
  A ball python (D:4)
1 creature vanquished.

Grand Total: 127 creatures vanquished

Notes
Turn   | Place    | Note
-------+----------+-------------------------------------------
     0 | D:1      | Gadfly the Spriggan Enchanter began the quest for the Orb.
     0 | D:1      | Reached XP level 1. HP: 9/9 MP: 5/5
   120 | D:1      | Reached XP level 2. HP: 13/13 MP: 6/6
   368 | D:1      | Learned a level 2 spell: Ensorcelled Hibernation
   514 | D:1      | Reached skill level 1 in Evocations
   533 | D:1      | Found Oferunk's Magic Scroll Shop.
   536 | D:1      | Bought a scroll of identify for 20 gold pieces
   702 | D:1      | Found a faded altar of an unknown god.
   810 | D:2      | Identified the +2 falchion of Obiter Dictum {pain, rPois
                  | rN+++ rCorr Dex-3}
   885 | D:2      | Reached XP level 3. HP: 13/17 MP: 5/8
  1148 | D:2      | Learned a level 3 spell: Confusing Touch
  1765 | D:3      | Reached XP level 4. HP: 21/21 MP: 0/9
  2230 | D:3      | Reached skill level 1 in Fighting
  2560 | D:3      | Reached skill level 5 in Stealth
  3146 | D:4      | Noticed Eustachio
  3150 | D:4      | Reached XP level 5. HP: 18/25 MP: 6/11
  3163 | D:4      | HP: 1/25 [Eustachio/+0 falchion (2)]
  3541 | D:4      | HP: 1/25 [hobgoblin/+0 club (3)]
  3677 | D:4      | Killed Eustachio
  3678 | D:4      | Reached XP level 6. HP: 22/30 MP: 0/12
  4834 | D:4      | Reached skill level 6 in Stealth
  4994 | D:4      | Gained mutation: Your flesh is cold resistant. (rC+)
                  | [potion of mutation]
  4994 | D:4      | Gained mutation: You expend magic power (3 MP) to
                  | strengthen your wands. [potion of mutation]
  4994 | D:4      | Gained mutation: You possess an exceptional clarity of
                  | mind. [potion of mutation]
  5018 | D:5      | Entered Level 5 of the Dungeon
  5036 | D:5      | Found Ureatrax's Book Shop.
  5090 | D:5      | Reached XP level 7. HP: 17/35 MP: 11/14
  5092 | D:5      | Splashed by a jelly's acid

Illustrated notes

Levels and vault maps discovered:
D:1:      spicycebolla_arrival_clurvy, layout_loops_ring,
          hellmonk_ecumenical_altar_heavens_door, serial_shops,
          nicolae_shop_rolled_up
D:2:      minmay_skewed_foursquare, layout_rooms, minivault_19
D:3:      layout_loops_ring, roderic_roman_lattice
D:4:      minmay_goblin_kobold_castle, layout_cave_pools,
          nicolae_underground_beach, uniq_eustachio
D:5:      layout_cave_pods, serial_shops, shop

Skill      XL: |  1  2  3  4  5  6 |
---------------+-------------------+-----
Evocations     | 1 2 3 |  3.3
Short Blades   | 2 3 |  3.3
Dodging        | 3 4 |  4.3
Spellcasting   | 3 4 |  4.1
Hexes          | 4 |  4.9
Fighting       | 1 2 |  2.0
Stealth        | 5 6 |  6.1

Action                     |  1- 3 |  4- 6 |  7- 9 || total
---------------------------+-------+-------+-------++-------
  Melee: Dagger            |   134 |   224 |     2 ||   360
         Punch             |     1 |     4 |       ||     5
         Falchion          |       |    52 |       ||    52
   Cast: Ensorcelled Hiber |    13 |    53 |     1 ||    67
         Confusing Touch   |       |     2 |       ||     2
    Use: Scroll            |     6 |     3 |       ||     9
         Potion            |     2 |     2 |       ||     4
   Stab: Sleeping          |    18 |    30 |       ||    48
         Confused          |       |     1 |       ||     1
 Armour: Robe              |    45 |   118 |     1 ||   164
  Dodge: Dodged            |   106 |   317 |     1 ||   424
